 Dungeon Crawl Stone Soup version 0.24.0-1-gfbc8707122 (webtiles) character file.

Game seed: 189476077636614848, levelgen mode: deterministic

3206 mortelune the Carver (level 10, 0/80 HPs)
             Began as a Formicid Abyssal Knight on Oct 26, 2019.
             Was a Believer of Lugonu.
             Slain by a troll (3 damage)
             ... on level 11 of the Dungeon.
             The game lasted 00:22:08 (8910 turns).

mortelune the Carver (Formicid Abyssal Knight)      Turns: 8910, Time: 00:22:08

Health: 0/80       AC: 16    Str: 18 (19) XL:     10   Next: 17%
Magic:  14/14      EV:  6    Int: 13      God:    Lugonu [**....]
Gold:   316        SH:  6    Dex: 10      Spells: 9/9 levels left

rFire    + . .     SeeInvis +   v - +0 scimitar
rCold    x . .     Gourm    .   (no shield)
rNeg     . . .     Faith    .   r - +0 plate armour
rPois    .         Spirit   .   (helmet unavailable)
rElec    .         Reflect  +   y - +0 cloak
rCorr    .         Harm     .   (no gloves)
MR       +....                  (no boots)
Stlth    ..........             g - +6 amulet of reflection
HPRegen  0.23/turn              m - ring of fire
MPRegen  0.14/turn              (no ring)

@: no status effects
A: permanent stasis, dig shafts and tunnels, four strong arms, antennae 3,
yellow scales 1, deterioration 1
a: Dig, Shaft Self, Depart the Abyss, Bend Space, Renounce Religion


You were on level 11 of the Dungeon.
You worshipped Lugonu.
Lugonu was pleased with you.
You were hungry.

You visited 1 branch of the dungeon, and saw 9 of its levels.
You visited the Abyss 1 time.

You collected 316 gold pieces.

Inventory:

Hand Weapons
 a - a +2 falchion
 v - a +0 scimitar (weapon)
Missiles
 e - 300 stones (quivered)
 t - 6 poisoned darts
Armour
 b - a +0 leather armour
 k - a +0 chain mail
 n - a +0 scale mail
 r - a +0 plate armour (worn)
 y - a +0 cloak (worn)
Jewellery
 g - a +6 amulet of reflection (around neck)
 m - a ring of fire (left hand)
Wands
 w - a wand of iceblast (10)
Scrolls
 d - 3 scrolls of amnesia
 f - a scroll of immolation
 i - a scroll of random uselessness
 j - 2 scrolls of teleportation
 p - 3 scrolls of remove curse
 q - a scroll of enchant armour
 s - 2 scrolls of noise
Potions
 h - 2 potions of brilliance
 u - 2 potions of haste
Comestibles
 c - 8 rations


   Skills:
 + Level 8.3 Fighting
 * Level 8.6 Long Blades
 + Level 7.9 Armour
 - Level 0.8 Dodging
 + Level 5.7 Invocations


You had 9 spell levels left.
You didn't know any spells.
Your spell library was empty.

Dungeon Overview and Level Annotations

Branches:
Dungeon (8/15)             Temple (0/1) D:6            Lair (0/6) D:8

Altars:
Ashenzari
Elyvilon
Okawaru
Uskayaw
Yredelemnul
Zin
The Shining One

Annotations:
D:4 1 runed translucent door, Aviak's ghost, novice OpTm


Innate Abilities, Weirdness & Mutations

You cannot be hasted, slowed, berserked, paralysed or teleported.
You can dig through walls and to a lower floor.
Your four strong arms can wield two-handed weapons with a shield.
You have a pair of large antennae on your head. (SInv)
You are partially covered in yellow scales. (AC +2)
Your body sometimes deteriorates upon taking damage.


Message History

The troll is moderately wounded.
Okay, then.
Evoke which item? (* to show all) (? for menu, Esc to quit)
Okay, then.
You barely miss the troll.
The troll is moderately wounded.
The troll bites you but does no damage. The troll claws you!
* * * LOW HITPOINT WARNING * * *
You block the troll's attack.
You slice the troll!!
The troll is severely wounded.
The troll completely misses you.
You riposte.
You hit the troll.
The troll is severely wounded.
The troll claws you.
* * * LOW HITPOINT WARNING * * *
The troll claws you but does no damage.
You barely miss the troll.
The troll is severely wounded.
The troll bites you.
You die...

#..........#
#..(.....$.#
+T........?#
#..........#
##'#########
#.# #.# ##T#
#@.# { ####


You could see a troll.

Vanquished Creatures
  Sigmund (D:2)
  2 water moccasins
  2 black bears (D:6)
  A sky beast (D:6)
  4 centaurs
  2 ogres
  2 bullfrogs
  2 scorpions
  5 wights
  2 crimson imps
  2 centaur zombies
  6 hounds
  2 jellies
  5 orc wizards
  2 orc priests
  Crazy Yiuf (D:6)
  2 iguanas
  Jessica (D:1)
  Terence (D:2)
  3 worker ants
  7 adders
  A shadow imp (D:6)
  An adder zombie (D:6)
  3 worms
  4 dart slugs
  2 leopard geckos
  15 orcs
  A giant cockroach (D:1)
  10 goblins
  11 hobgoblins
  2 jackals (D:3)
  7 kobolds
  3 quokkas
  A ball python (D:7)
  9 bats
  2 frilled lizards
  2 leopard gecko skeletons
  A leopard gecko zombie (D:6)
  6 rats
136 creatures vanquished.

Vanquished Creatures (others)
  An ugly thing (D:11)
  A wyvern (D:11)
  An orc warrior (D:11)
3 creatures vanquished.

Grand Total: 139 creatures vanquished

Notes
Turn   | Place    | Note
-------+----------+-------------------------------------------
     0 | Abyss:1  | mortelune the Formicid Abyssal Knight began the quest for
                  | the Orb.
     0 | Abyss:1  | Reached XP level 1. HP: 18/18 MP: 2/2
   133 | Abyss:1  | Noticed an apocalypse crab
   134 | D:1      | Escaped the Abyss
   186 | D:1      | Reached * piety under Lugonu
   344 | D:1      | Reached XP level 2. HP: 24/24 MP: 3/3
   772 | D:1      | Reached XP level 3. HP: 30/30 MP: 4/4
  1281 | D:2      | Found an iron altar of Okawaru.
  1284 | D:2      | Noticed Terence
  1879 | D:2      | Found a shattered altar of Ashenzari.
  1926 | D:2      | Reached ** piety under Lugonu
  1995 | D:2      | Killed Terence
  1995 | D:2      | Reached XP level 4. HP: 24/37 MP: 5/5
  2140 | D:2      | Noticed Jessica
  2358 | D:1      | Killed Jessica
  2358 | D:1      | Reached XP level 5. HP: 12/43 MP: 6/6
  2705 | D:2      | Noticed Sigmund
  2723 | D:2      | Killed Sigmund
  2723 | D:2      | Reached skill level 5 in Fighting
  2723 | D:2      | Reached XP level 6. HP: 17/51 MP: 7/7
  3400 | D:3      | Noticed a +0 hand axe
  3400 | D:3      | Noticed a +0 hand axe
  3406 | D:3      | Found a hide-covered altar of Uskayaw.
  3692 | D:3      | Gained mutation: Your body sometimes deteriorates upon
                  | taking damage. [potion of mutation]
  3692 | D:3      | Gained mutation: You are partially covered in yellow
                  | scales. (AC +2) [potion of mutation]
  3892 | D:3      | Reached XP level 7. HP: 56/56 MP: 8/8
  4631 | D:4      | Reached *** piety under Lugonu
  4631 | D:4      | Reached skill level 5 in Armour
  4753 | D:4      | Found a runed translucent door.
  4755 | D:4      | Noticed Aviak's ghost (novice OpTm)
  5627 | D:5      | Entered Level 5 of the Dungeon
  5667 | D:5      | Noticed a water moccasin
  5677 | D:5      | Killed a water moccasin
  5677 | D:5      | Reached skill level 5 in Long Blades
  5745 | D:5      | Reached XP level 8. HP: 59/64 MP: 9/9
  6203 | D:5      | Found a glowing golden altar of the Shining One.
  6204 | D:5      | Found a white marble altar of Elyvilon.
  6205 | D:5      | Found a glowing silver altar of Zin.
  6460 | D:6      | Found a staircase to the Ecumenical Temple.
  7112 | D:6      | Reached XP level 9. HP: 71/72 MP: 11/11
  7390 | D:6      | Found a runed translucent door.
  7391 | D:6      | Noticed Crazy Yiuf
  7402 | D:6      | Killed Crazy Yiuf
  8007 | D:7      | Found a basalt altar of Yredelemnul.
  8239 | D:8      | Found a staircase to the Lair.
  8239 | D:8      | Noticed a death yak
  8239 | D:8      | Noticed a death yak
  8239 | D:8      | Noticed a death yak
  8239 | D:8      | Noticed a death yak
  8239 | D:8      | Noticed a death yak
  8239 | D:8      | Noticed a death yak
  8296 | D:8      | Noticed a seven-headed hydra
  8300 | D:8      | Banished a seven-headed hydra
  8343 | D:8      | Reached skill level 5 in Invocations
  8779 | D:8      | Noticed a death yak
  8786 | D:8      | You fall into a shaft and drop 3 floors!
  8786 | D:11     | Noticed a cyan ugly thing
  8795 | D:11     | Banished a cyan ugly thing
  8795 | D:11     | Reached XP level 10. HP: 33/80 MP: 12/14
  8909 | D:11     | HP: 3/80 [troll (2)]
  8910 | D:11     | Slain by a troll

Levels and vault maps discovered:
D:1:      dpeg_arrival_morbid_curiosity, layout_basic
D:2:      minmay_alternating_diamond, layout_basic,
          nicolae_ashenzari_panopticon, okawaru_gym_becter, uniq_jessica,
          uniq_sigmund, uniq_terence
D:3:      layout_basic, dancing_weapons_uskayaw
D:4:      layout_basic, hellmonk_ghost_happy_afterlife
D:5:      layout_cave_pools, good_gods_temple_1, first_ration
D:6:      layout_rooms, minmay_temple_entry_enclosed_plants,
          uniq_crazy_yiuf_cottage
D:7:      layout_loops_ring, yredelemnul_altar_generic
D:8:      layout_rooms, kennysheep_little_box,
          nemelex_xobeh_ov_fountains_minmay, old_standard_altar,
          dpeg_lair_monsters, nicolae_ossuary_entry_plus
D:11:     layout_basic, glass_columns_c, grunt_pizzeria

Skill      XL: |  1  2  3  4  5  6  7  8  9 |
---------------+----------------------------+-----
Armour         | 3 4 5 6 7 |  7.9
Fighting       | 4 5 6 7 8 |  8.3
Long Blades    | 3 4 5 6 8 |  8.6
Invocations    | 3 5 |  5.7
Dodging        | |  0.8

Action                   |  1- 3 |  4- 6 |  7- 9 | 10-12 || total
-------------------------+-------+-------+-------+-------++-------
Melee: Falchion          |    82 |   141 |   243 |       ||   466
       Scimitar          |       |       |   201 |    15 ||   216
Throw: Stone             |    20 |     5 |     7 |     3 ||    35
Invok: Depart the Abyss  |     1 |       |       |       ||     1
       Banish            |       |       |     3 |     3 ||     6
       Bend Space        |       |       |       |     1 ||     1
Evoke: Wand              |       |       |     1 |       ||     1
  Use: Scroll            |     2 |     3 |     7 |     1 ||    13
       Potion            |     4 |     2 |     3 |     2 ||    11
  Eat: Chunk             |     3 |     7 |     7 |       ||    17
       Ration            |       |       |     3 |       ||     3
Armor: Leather armour    |    20 |       |       |       ||    20
       Chain mail        |       |    66 |    23 |       ||    89
       Plate armour      |       |       |   220 |    13 ||   233
Dodge: Dodged            |    59 |    33 |   121 |    11 ||   224
Block: Other             |    11 |    34 |   118 |     8 ||   171
       Reflection        |       |     1 |     1 |       ||     2
       Rpst.: Falchion   |    21 |    15 |    15 |       ||    51
       Scimitar          |       |       |    17 |     3 ||    20
